Map: Backcountry

Players

sideburnmike - Winner!

  • Race: Terran Terran
  • Spawn Location: 11:00

ThatsOurEric - Winner!

  • Race: Terran Terran
  • Spawn Location: 9:00

Grumm - Winner!

  • Race: Terran Terran
  • League: Gold
  • Spawn Location: 11:00

A.I. 3 (Easy)

  • Race: Zerg Zerg
  • Spawn Location: 5:00

A.I. 4 (Easy)

  • Race: Terran Terran
  • Spawn Location: 5:00

A.I. 5 (Easy)

  • Race: Terran Terran
  • Spawn Location: 5:00

VOD

Have the link to the VOD?

Description

Time

  • Played on: Feb. 6, 2016, 1:19 a.m.
  • Length: 24:13
Show
View Real Time Build Order
Export as new Build Order

sideburnmike Terran - Winner!

Build Orders:  

Get SALT Encoding   

  12  0:06  SCV  
  13  0:18  SCV  
  14  0:30  SCV  
  14  0:34  Supply Depot  
  15  0:37  Refinery  
  15  0:41  Refinery  
  15  0:56  SCV  
  16  1:03  Barracks  
  16  1:08  SCV  
  16  1:10  Supply Depot  
  17  1:20  SCV  
  18  1:32  SCV  
  19  1:35  Supply Depot  
  19  1:44  SCV  
  20  1:53  Barracks Reactor  
  20  1:57  SCV  
  20  1:59  Barracks  
  21  2:04  Bunker  
  21  2:09  SCV  
  22  2:21  SCV  
  23  2:26  Factory  
  23  2:33  SCV  
  24  2:39  Marine x2  
  26  2:45  SCV  
  26  2:46  Barracks Tech Lab  
  26  2:49  Barracks Reactor  
  27  2:57  Marine x2, SCV  
  30  3:06  Bunker  
  30  3:15  Marine x2  
  32  3:31  Command Center  
  32  3:38  Factory Tech Lab  
  32  3:42  Supply Depot  
  32  3:43  Marine  
  32  3:44  Marine  
  34  3:51  Marine x2  
  36  4:00  Engineering Bay  
  36  4:01  Marine  
  37  4:12  Factory  
  37  4:24  Marine x2  
  37  4:26  Marine x2  
  41  4:34  Bunker  
  41  4:42  Marine x2  
  41  4:44  Marine x2  
  45  4:47  SCV  
  46  4:56  Refinery  
  46  4:59  SCV  
  47  5:11  SCV  
  48  5:20  Marine  
  48  5:21  Marine  
  50  5:22  Refinery, Marine  
  50  5:23  Marine, SCV  
  53  5:28  Neosteel Frame  
  53  5:35  SCV  
  54  5:47  SCV  
  54  5:48  Marine  
  54  5:49  Marine  
  57  5:50  Marine x2  
  58  5:59  SCV  
  59  6:06  Marine x2  
  59  6:08  Marine  
  62  6:18  Supply Depot  
  62  6:24  Supply Depot  
  62  6:34  Factory Tech Lab  
  62  6:40  Marine x3, SCV  
  62  6:41  Supply Depot  
  66  6:47  Supply Depot, Terran Infantry Weapons Level 1  
  66  6:52  SCV  
  67  7:02  Marine  
  67  7:03  Marine  
  67  7:04  Marine x2, SCV  
  72  7:25  Command Center  
  69  7:35  Siege Tank  
  69  7:36  Siege Tank  
  75  7:43  Marine  
  75  7:44  Marine  
  76  7:48  Marine  
  78  7:52  Marine  
  79  8:01  Marine  
  79  8:03  Marine  
  81  8:06  Marine  
  81  8:07  Siege Tank  
  81  8:08  Siege Tank  
  81  8:09  Marine  
  89  8:31  Supply Depot  
  89  8:39  SCV, Siege Tank  
  89  8:40  Siege Tank  
  96  8:51  SCV  
  97  9:00  Terran Infantry Armor Level 1  
  97  9:03  SCV  
  97  9:07  Armory  
  98  9:11  Siege Tank  
  98  9:13  Siege Tank  
  98  9:15  SCV  
  105  9:27  SCV  
  106  9:33  Marine x2  
  106  9:35  Marine  
  106  9:36  Marine  
  110  9:39  SCV  
  110  9:43  Siege Tank  
  110  9:45  Siege Tank  
  117  10:10  Supply Depot, Terran Vehicle Weapons Level 1  
  117  10:19  Supply Depot  
  117  10:31  Marine x2, Siege Tank x2  
  117  10:33  Supply Depot  
  125  10:40  Marine x2  
  125  10:41  Supply Depot, SCV  
  128  10:49  Marine x2  
  130  10:53  SCV  
  131  10:57  Supply Depot  
  131  10:58  Marine x2  
  131  11:03  Armory, Siege Tank x2  
  139  11:07  Marine x2  
  139  11:08  Refinery  
  139  11:09  SCV  
  142  11:16  Marine x2  
  144  11:21  SCV  
  144  11:24  Marine x2  
  147  11:26  Supply Depot  
  147  11:33  SCV  
  147  11:34  Marine  
  149  11:41  Siege Tank  
  149  11:42  Marine, Siege Tank  
  156  11:49  Supply Depot  
  156  12:03  Terran Vehicle And Ship Armor Level 1  
  156  12:05  Terran Vehicle Weapons Level 2  
  156  12:12  Supply Depot  
  156  12:21  Starport  
  156  12:26  Starport  
  156  12:33  Starport  
  156  12:36  Supply Depot  
  156  12:44  Marine  
  156  12:45  Marine  
  156  12:46  Marine x2  
  160  13:02  Marine  
  161  13:12  Supply Depot  
  161  13:23  Command Center, Planetary Fortress  
  161  13:30  Starport Tech Lab  
  161  13:31  Starport Tech Lab  
  161  13:32  Starport Tech Lab  
  161  13:35  Supply Depot  
  161  14:05  Starport  
  161  14:06  Starport  
  161  14:15  Fusion Core  
  159  14:34  Terran Vehicle Weapons Level 3  
  159  14:50  Terran Ship Weapons Level 1  
  159  14:53  Starport Tech Lab  
  159  15:05  Refinery  
  159  15:07  Refinery  
  159  15:08  Refinery  
  159  15:43  Weapon Refit  
  159  15:55  Starport Tech Lab  
  159  15:59  Starport  
  159  16:04  Banshee  
  159  16:06  Banshee  
  159  16:08  Banshee  
  159  16:09  Banshee  
  171  16:13  Banshee  
  174  16:26  Behemoth Reactor  
  174  16:36  Starport  
  174  16:40  Planetary Fortress  
  174  16:47  Banshee  
  174  16:48  Banshee  
  174  16:50  Banshee  
  174  16:52  Banshee  
  186  16:56  Banshee  
  186  16:58  Terran Infantry Weapons Level 2  
  189  17:21  Starport Reactor x2  
  189  17:29  Banshee  
  189  17:31  Banshee  
  189  17:33  Banshee  
  198  17:42  Cloaking Field  
  198  17:53  Hyperflight Rotors  
  198  18:16  Banshee  
  199  18:20  SCV  
  200  18:36  Terran Vehicle And Ship Armor Level 2  
  200  18:37  Terran Ship Weapons Level 2  
  200  19:14  Terran Infantry Armor Level 2  
  197  21:08  Terran Ship Weapons Level 3  
  197  21:09  Terran Vehicle And Ship Armor Level 3  
  182  21:30  Hi-Sec Auto Tracking  
  182  21:42  Viking x2  
  182  21:44  Viking x2  
  182  21:46  Banshee  
  187  21:48  Banshee  
  187  21:49  Banshee  
  187  21:50  Banshee  
  190  22:04  Banshee  
  192  22:12  Viking x2  
  192  22:14  Viking x2  
  200  22:42  Viking  
  198  22:44  Viking  
  184  23:04  Viking  
  184  23:05  Viking  
  188  23:07  Banshee  
  188  23:09  Banshee  
  188  23:10  Banshee  
  188  23:12  Viking  
Show
View Real Time Build Order
Export as new Build Order

ThatsOurEric Terran - Winner!

Build Orders:  

Get SALT Encoding   

  12  0:06  SCV  
  13  0:18  SCV  
  14  0:37  Supply Depot  
  14  0:39  SCV  
  15  0:52  Engineering Bay  
  15  1:03  SCV  
  16  1:15  SCV  
  17  1:25  Barracks  
  17  1:28  SCV  
  17  1:29  Supply Depot  
  18  1:42  SCV  
  19  1:49  Refinery  
  19  1:52  Refinery  
  19  1:54  SCV  
  20  2:02  Engineering Bay  
  20  2:10  SCV  
  21  2:22  SCV  
  22  2:27  Barracks Tech Lab  
  22  2:34  SCV, Barracks  
  23  2:46  SCV  
  24  2:58  Ghost Academy  
  24  2:59  Marine  
  25  3:07  Hi-Sec Auto Tracking  
  25  3:14  Neosteel Frame  
  25  3:17  Marine  
  26  3:23  Barracks Tech Lab  
  26  3:35  Factory  
  26  3:45  Supply Depot  
  26  3:48  Marine  
  26  3:49  Marine  
  28  4:06  Marine  
  28  4:07  Marine  
  30  4:24  Marine  
  31  4:25  Marine  
  32  4:31  Factory Tech Lab  
  32  4:38  Command Center  
  32  4:43  Factory  
  32  4:53  Building Armor  
  32  5:01  Orbital Command  
  32  5:39  Factory Tech Lab  
  32  5:52  Supply Depot  
  32  6:48  Supply Depot  
  32  6:51  Refinery  
  32  6:52  SCV  
  33  7:04  SCV  
  34  7:09  Refinery  
  34  7:13  Terran Infantry Weapons Level 1  
  34  7:14  Terran Infantry Armor Level 1  
  34  7:16  SCV  
  35  7:28  SCV  
  36  7:30  Supply Depot  
  36  7:34  Supply Depot  
  36  7:40  SCV  
  36  7:41  Mag-Field Accelerator  
  37  7:44  Infernal Pre-Igniter  
  37  7:46  Combat Shields  
  37  7:48  Concussive Shells  
  37  7:54  Personal Cloaking  
  37  8:22  Armory  
  37  8:23  Armory  
  38  8:55  SCV  
  38  9:07  SCV  
  39  9:11  Terran Infantry Weapons Level 2  
  39  9:13  Terran Infantry Armor Level 2  
  39  9:19  SCV  
  39  9:20  Armory  
  40  9:25  Armory  
  40  9:32  SCV  
  41  9:44  SCV  
  42  9:47  Starport  
  39  10:45  Starport Tech Lab  
  39  10:51  Starport  
  39  11:02  Fusion Core  
  39  11:04  Drilling Claws  
  39  11:09  Stimpack  
  39  11:15  Terran Vehicle Weapons Level 1  
  39  11:17  Terran Vehicle And Ship Armor Level 1  
  39  11:19  Terran Ship Weapons Level 1  
  39  11:35  Supply Depot  
  39  11:39  Terran Infantry Armor Level 3  
  39  11:40  Terran Infantry Weapons Level 3  
  39  11:45  Starport Tech Lab  
  39  12:07  Supply Depot  
  39  12:09  Supply Depot  
  39  12:18  Cloaking Field  
  39  12:21  Advanced Ballistics  
  39  12:27  Medivac  
  36  13:06  Supply Depot  
  36  13:18  Supply Depot  
  36  13:21  Terran Vehicle And Ship Armor Level 2  
  36  13:23  Terran Vehicle Weapons Level 2  
  36  13:24  Terran Ship Weapons Level 2  
  36  13:27  Weapon Refit  
  36  13:45  Supply Depot  
  36  14:24  Starport, Behemoth Reactor  
  34  14:27  High Capacity Fuel Tanks  
  34  14:31  Corvid Reactor  
  34  15:11  Missile Turret  
  34  15:33  Missile Turret  
  34  15:55  Orbital Command  
  34  16:08  Explosive Shrapnel Shells  
  34  16:10  Hyperflight Rotors  
  34  16:15  Terran Vehicle Weapons Level 3  
  34  16:16  Terran Vehicle And Ship Armor Level 3  
  34  16:18  Terran Ship Weapons Level 3  
  34  16:19  Starport Tech Lab  
  34  16:51  Bunker  
  34  17:22  Command Center  
  34  17:28  Refinery  
  34  17:31  Refinery  
  34  17:45  Command Center  
  34  17:48  Refinery  
  34  17:50  Refinery  
  32  18:15  Raven x3  
  38  19:41  Banshee  
  38  19:42  Banshee  
  38  19:43  Banshee  
  47  19:52  Thor x2  
  53  19:59  Marine x2  
  61  20:16  Refinery  
  61  20:17  Marine x2  
  63  20:34  Banshee x3, Marine x2  
  74  20:52  Marine x2  
  76  21:01  Thor  
  82  21:06  Thor  
  82  21:10  Marine x2  
  90  21:47  Banshee x2  
Show
View Real Time Build Order
Export as new Build Order

Grumm Terran - Winner!

Build Orders:  

Get SALT Encoding   

  12  0:01  SCV  
  13  0:13  SCV  
  14  0:18  Supply Depot  
  14  0:25  SCV  
  15  0:28  Refinery  
  15  0:38  Refinery  
  15  0:40  SCV  
  16  0:54  SCV  
  17  1:00  Barracks  
  17  1:06  SCV  
  18  1:18  SCV  
  19  1:30  SCV  
  20  1:32  Supply Depot  
  20  1:42  SCV  
  21  1:56  Ghost Academy, Orbital Command  
  21  1:59  Barracks Tech Lab  
  21  2:14  Barracks  
  21  2:22  SCV  
  22  2:54  SCV  
  22  2:58  Ghost  
  23  3:00  Command Center  
  23  3:02  Barracks Tech Lab  
  25  3:23  Ghost  
  25  3:26  Ghost  
  27  3:31  Supply Depot  
  29  3:35  SCV  
  30  3:41  Personal Cloaking  
  30  3:52  Engineering Bay  
  30  4:04  Ghost  
  30  4:06  SCV  
  34  4:17  Refinery  
  34  4:20  Orbital Command  
  34  4:23  SCV  
  34  4:35  SCV  
  35  4:48  SCV  
  36  4:56  Ghost  
  36  4:58  Factory  
  38  5:05  Ghost Academy  
  38  5:07  Ghost Academy  
  38  5:13  Ghost Academy  
  38  5:26  Refinery  
  28  6:01  SCV x2  
  30  6:13  SCV x2  
  30  6:17  Terran Infantry Armor Level 1  
  32  6:19  Nuke x2  
  32  6:20  Nuke  
  32  6:21  Nuke  
  32  6:23  Ghost  
  35  6:25  SCV x2  
  35  6:32  Starport  
  36  6:34  Missile Turret  
  36  6:37  SCV  
  37  6:43  SCV  
  38  6:49  SCV  
  39  6:55  SCV, Factory Tech Lab  
  40  7:02  SCV  
  40  7:07  SCV  
  42  7:13  Siege Tank  
  42  7:14  SCV  
  46  7:20  SCV  
  47  7:26  SCV  
  48  7:32  SCV  
  49  7:38  SCV  
  50  7:44  SCV  
  50  7:46  Command Center  
  51  7:59  Command Center  
  51  8:11  Sensor Tower  
  51  8:32  Siege Tank  
  54  8:47  Supply Depot  
  54  8:50  Supply Depot  
  54  8:51  Supply Depot  
  54  8:57  Ghost x2  
  58  9:04  Siege Tank  
  61  9:20  Missile Turret  
  61  9:26  Ghost x2  
  61  9:27  Missile Turret  
  65  9:36  Siege Tank  
  68  9:44  Orbital Command, Planetary Fortress  
  68  9:49  Refinery  
  68  9:54  Ghost  
  68  9:55  Ghost  
  68  9:56  Supply Depot  
  72  10:08  Refinery, Siege Tank  
  72  10:13  Refinery  
  75  10:20  Supply Depot  
  75  10:33  Sensor Tower  
  75  10:40  Siege Tank  
  78  10:43  Supply Depot  
  80  10:53  Medivac  
  80  10:57  Starport  
  80  10:58  Ghost x2  
  84  11:06  Supply Depot  
  84  11:08  Armory x2  
  84  11:15  SCV x3  
  84  11:16  SCV  
  88  11:27  SCV x3, Ghost x2  
  88  11:28  SCV  
  96  11:35  Refinery  
  96  11:59  Supply Depot  
  96  12:10  Missile Turret  
  96  12:23  SCV x4  
  100  12:35  SCV x4  
  104  12:38  Supply Depot  
  104  12:47  SCV  
  97  14:22  Nuke x3  
  97  14:24  Ghost x2  
  97  14:26  Medivac  
  101  14:45  Supply Depot  
  101  14:53  Ghost x2  
  101  14:56  Medivac  
  101  14:59  Terran Vehicle And Ship Armor Level 1, Terran Vehicle Weapons Level 1  
  107  15:08  Supply Depot  
  107  15:17  Sensor Tower  
  107  15:31  Supply Depot  
  107  15:45  Terran Infantry Armor Level 2  
  107  15:47  Starport Reactor  
  107  15:54  Supply Depot  
  107  16:17  Supply Depot  
  107  16:40  Supply Depot  
  107  17:07  Ghost x2  
  111  17:10  Missile Turret  
  111  17:11  Starport Reactor  
  111  17:17  Missile Turret  
  111  17:18  Sensor Tower  
  111  17:36  Ghost x2  
  115  17:37  Command Center  
  115  17:46  Liberator x3  
  115  17:47  Liberator  
  115  17:49  Missile Turret  
  115  17:55  Siege Tank  
  118  18:04  Ghost x2  
  137  18:27  Siege Tank  
  137  18:29  Liberator x4  
  137  18:33  Ghost x2  
  153  18:49  Supply Depot, Planetary Fortress  
  153  18:51  Supply Depot  
  153  18:59  Siege Tank  
  153  19:01  Ghost x2  
  160  19:31  Siege Tank  
  159  20:00  Missile Turret  
  159  20:32  Refinery x2  
  159  21:25  Terran Vehicle Weapons Level 2  
  159  21:26  Terran Vehicle And Ship Armor Level 2  
  159  21:29  Terran Infantry Armor Level 3  
  159  22:02  Nuke  
  159  22:11  Ghost Academy  
  159  22:18  Medivac x2  
  159  22:20  Thor  
  169  22:43  Ghost Academy  
  169  23:03  Thor  
  175  23:16  Ghost Academy  
  163  23:27  Nuke  
  163  23:28  Nuke x4  
Show
View Real Time Build Order
Export as new Build Order

A.I. 3 (Easy) Zerg 

Build Orders: Pool First 

Get SALT Encoding   

  12  0:01  Drone  
  13  0:12  Overlord  
  13  0:17  Drone  
  14  0:30  Drone  
  14  0:34  Drone  
  16  0:43  Spawning Pool  
  16  0:44  Extractor  
  16  0:46  Drone  
  15  0:51  Drone  
  16  0:58  Overlord  
  16  1:30  Queen  
  16  1:31  Zergling x2  
  19  1:33  Roach Warren  
  19  1:35  Drone, Extractor  
  19  1:36  Zergling x2  
  19  1:42  Drone  
  20  1:52  Zergling x2  
  21  2:03  Zergling x2  
  22  2:14  Zergling x2  
  23  2:24  Zergling x2  
  24  2:35  Overlord  
  24  2:37  Drone, Zergling x2  
  24  2:42  Zergling x2  
  27  2:47  Drone  
  28  2:58  Drone  
  29  3:09  Drone  
  30  3:13  Drone  
  30  3:14  Overlord  
  31  3:20  Drone  
  32  5:11  Drone, Overlord, Roach  
  32  5:12  Lair  
  35  5:16  Drone  
  35  5:20  Drone  
  37  5:25  Drone  
  34  5:32  Roach  
  32  5:44  Hatchery  
  32  5:45  Drone  
  32  5:53  Roach  
  34  6:10  Overseer x2  
  34  6:13  Zergling x2  
  34  6:16  Drone, Infestation Pit  
  34  6:17  Hydralisk Den  
  34  6:21  Drone  
  35  6:48  Hydralisk  
  37  6:56  Drone  
  37  7:01  Drone  
  39  7:05  Drone  
  40  7:09  Drone, Infestor  
  40  7:14  Drone  
  44  7:18  Drone, Extractor  
  44  7:21  Extractor  
  44  7:22  Drone  
  44  7:26  Drone  
  45  7:31  Drone  
  45  7:35  Drone  
  47  7:40  Drone  
  48  7:44  Drone  
  48  7:49  Drone  
  50  7:53  Drone  
  50  7:54  Overlord  
  50  7:55  Overseer  
  51  8:13  Drone  
  51  8:17  Drone  
  51  8:18  Overlord  
  53  8:22  Drone  
  53  8:26  Drone  
  55  8:30  Drone  
  56  8:35  Drone  
  56  8:39  Drone  
  58  8:44  Drone  
  58  8:48  Drone  
  60  8:49  Overlord  
  60  8:52  Drone  
  61  8:57  Drone  
  62  9:45  Zergling x2  
  63  9:46  Overlord, Overseer, Pneumatized Carapace  
  63  9:47  Spire  
  63  9:50  Evolution Chamber  
  62  9:52  Zergling x2  
  62  10:00  Zergling x2  
  62  10:04  Overlord  
  63  10:07  Zergling x2  
  57  10:15  Zergling x2  
  57  10:18  Zerg Melee Weapons Level 1  
  54  10:22  Zergling x2  
  55  10:30  Zergling x2  
  56  10:53  Hatchery  
  55  10:59  Mutalisk  
  57  11:07  Mutalisk  
  59  11:14  Mutalisk  
  61  11:21  Mutalisk  
  63  12:05  Drone  
  64  12:10  Drone  
  64  12:13  Zerg Missile Weapons Level 1  
  64  12:14  Drone  
  66  12:18  Extractor  
  66  12:19  Drone  
  66  12:21  Extractor  
  65  12:23  Drone  
  65  12:28  Drone  
  67  13:54  Hydralisk, Hive  
  69  13:56  Overlord, Zerg Flyer Weapons Level 1  
  69  14:06  Zerg Melee Weapons Level 2  
  69  14:07  Hydralisk  
  64  14:21  Zergling x2  
  57  15:27  Ultralisk Cavern  
  56  15:50  Zerg Flyer Armor Level 1  
  56  16:14  Ultralisk  
  62  16:22  Zerg Missile Weapons Level 2  
  62  16:27  Ultralisk  
  68  16:40  Ultralisk  
  74  17:29  Roach  
  75  17:38  Roach  
  77  17:48  Roach  
  79  17:56  Roach  
  81  18:06  Roach  
  72  18:14  Roach  
  72  18:17  Overseer  
  62  18:23  Hydralisk  
  64  18:31  Hydralisk  
  66  18:38  Zerg Ground Armor Level 1  
  66  18:40  Infestor  
  68  18:50  Greater Spire, Zergling x2  
  65  18:58  Hydralisk  
  65  19:02  Overlord  
  59  19:07  Hydralisk  
  63  19:17  Roach  
  63  19:26  Roach  
  61  19:35  Roach  
  63  19:44  Roach  
  67  19:52  Roach  
  67  20:01  Roach  
  69  20:09  Hydralisk  
  71  20:18  Hydralisk  
  73  20:27  Corruptor  
  75  20:35  Zerg Ground Armor Level 2  
  73  20:51  Hydralisk  
  53  20:58  Drone  
  53  21:03  Drone  
  39  21:07  Zergling x2  
  39  21:08  Drone  
  39  21:09  Overseer  
  22  21:13  Drone  
  22  21:16  Overlord  
  22  21:17  Roach  
  22  21:18  Drone  
  14  21:22  Drone  
  17  21:25  Roach  
  17  21:27  Drone  
  17  21:31  Drone  
  19  21:34  Roach  
  19  21:36  Drone  
  24  21:40  Roach  
  24  21:41  Drone  
  24  21:44  Infestor  
  26  21:48  Hydralisk  
  26  21:53  Overseer, Roach  
Show
View Real Time Build Order
Export as new Build Order

A.I. 4 (Easy) Terran 

Build Orders:  

Get SALT Encoding   

  12  0:01  SCV  
  13  0:13  SCV  
  14  0:18  Supply Depot  
  14  0:25  SCV  
  15  0:40  SCV  
  16  0:43  Barracks  
  16  0:45  Refinery  
  16  1:09  Supply Depot  
  16  1:21  Refinery  
  16  1:30  Marine  
  16  1:32  Orbital Command  
  17  1:50  Barracks Tech Lab  
  17  2:08  Marine  
  17  2:15  Supply Depot, SCV  
  19  2:27  SCV  
  20  2:33  Marine  
  21  2:39  SCV  
  22  2:51  SCV  
  23  2:59  Marauder  
  23  3:03  SCV  
  26  3:16  SCV  
  27  3:23  Marine  
  28  3:49  Marauder  
  30  4:14  Marauder  
  32  4:22  SCV  
  32  6:59  Reaper  
  33  7:01  Supply Depot  
  33  7:15  Command Center  
  33  7:25  Factory  
  33  7:28  Supply Depot  
  23  7:31  Marine  
  24  7:49  Marauder  
  26  8:10  Marauder  
  26  8:12  Starport  
  28  8:28  SCV  
  28  8:31  Marine  
  28  8:33  SCV  
  31  8:40  SCV  
  32  8:45  Refinery, SCV  
  32  8:47  Refinery  
  33  8:49  Starport Tech Lab, Marine  
  33  8:53  SCV  
  35  8:57  SCV  
  36  9:05  SCV  
  36  9:07  Raven, Reaper  
  36  9:09  SCV  
  41  9:17  SCV  
  41  9:21  SCV  
  43  9:29  SCV  
  44  9:33  SCV  
  45  9:39  Marine  
  45  9:41  SCV  
  47  9:45  SCV  
  47  9:49  Raven  
  50  9:53  SCV  
  50  9:57  Marine  
  50  9:58  SCV  
  53  10:05  SCV  
  54  10:10  SCV  
  55  10:15  Marine  
  55  10:17  SCV  
  57  10:22  SCV  
  58  10:29  SCV  
  58  10:32  Marine  
  60  10:50  Marine  
  61  12:11  Medivac, Factory Tech Lab  
  61  12:14  Supply Depot  
  63  12:16  Engineering Bay  
  63  12:22  Command Center  
  63  12:30  Siege Tank  
  66  12:38  Supply Depot  
  66  12:41  Raven  
  66  12:42  Terran Infantry Weapons Level 1  
  67  12:46  Marine  
  53  13:04  Marine  
  54  13:12  Siege Tank  
  57  13:24  Medivac, Marine  
  60  13:36  SCV  
  60  13:40  SCV  
  62  13:41  Marine  
  62  13:44  SCV  
  62  13:46  Refinery  
  64  13:49  SCV  
  64  13:50  Refinery, Siege Tank  
  64  13:53  SCV  
  64  13:54  Raven  
  71  13:58  SCV  
  71  14:02  Marine  
  73  14:09  SCV  
  74  14:19  Marine  
  75  14:36  Terran Infantry Armor Level 1  
  75  16:08  Marine  
  76  16:18  Cyclone  
  79  16:23  Armory  
  79  16:27  Marine  
  80  16:48  Marine  
  80  16:52  Raven  
  66  16:59  Siege Tank  
  69  17:09  Marine  
  69  17:10  Terran Vehicle And Ship Armor Level 1, Terran Infantry Weapons Level 2  
  70  17:26  Marine  
  71  17:31  Siege Tank  
  73  17:44  Marine  
  74  18:02  Marine  
  75  18:06  Thor  
  81  18:20  Marine  
  82  18:49  Siege Tank  
  85  19:05  Terran Ship Weapons Level 1  
  85  19:26  Marine, Terran Infantry Armor Level 2  
  75  19:35  Raven  
  75  19:37  Cyclone  
  66  19:46  Marine  
  63  20:04  Marine  
  63  20:06  SCV  
  42  20:10  Hellion  
  42  20:11  SCV  
  34  20:15  Supply Depot  
  34  20:19  SCV  
  33  20:22  Marine  
  33  20:23  SCV  
  35  20:30  Thor  
  35  20:31  SCV  
  35  20:35  SCV  
  39  20:40  Marine  
  40  20:43  SCV  
  40  20:47  SCV  
  41  20:50  Viking  
  41  20:55  SCV  
  44  20:58  Marine  
  44  20:59  Terran Vehicle Weapons Level 1, SCV  
  42  21:07  SCV  
  34  21:11  SCV  
  34  21:13  Siege Tank  
  34  21:15  Marine  
  38  21:19  SCV  
  38  21:23  SCV  
  39  21:31  SCV  
  39  21:33  Marine  
  39  21:35  Raven  
  39  21:39  Command Center  
  29  21:43  SCV  
  29  21:46  Siege Tank  
  21  21:51  Marine  
  19  21:55  SCV  
  20  22:07  SCV  
  20  22:09  Marine  
  21  22:17  Raven  
  21  22:18  Hellion  
  21  22:20  SCV  
  26  22:25  Refinery  
  26  22:27  Marine  
  27  22:32  SCV  
  28  22:39  Hellion  
  28  22:44  Marine, SCV  
  29  22:48  Refinery  
  29  22:49  Command Center  
  24  22:52  SCV  
  24  22:56  SCV  
  22  23:04  SCV  
  24  23:08  Marine, SCV  
Show
View Real Time Build Order
Export as new Build Order

A.I. 5 (Easy) Terran 

Build Orders:  

Get SALT Encoding   

  12  0:01  SCV  
  13  0:13  SCV  
  14  0:20  Supply Depot  
  14  0:25  SCV  
  15  0:41  SCV  
  16  0:43  Barracks  
  16  0:46  Refinery  
  16  1:10  Supply Depot  
  16  1:21  Refinery  
  16  1:30  Marine  
  16  1:32  Orbital Command  
  17  1:50  Barracks Tech Lab  
  17  1:58  SCV  
  18  2:08  Marine  
  19  2:10  SCV  
  19  2:13  Supply Depot  
  20  2:22  SCV  
  21  2:26  Marine  
  22  2:34  SCV  
  25  2:44  Marauder  
  25  2:46  SCV  
  27  2:58  SCV  
  29  3:05  Marauder  
  29  4:15  SCV  
  29  5:02  Reaper, SCV  
  29  5:04  Supply Depot  
  31  5:12  Factory  
  31  5:14  SCV  
  31  5:19  Command Center  
  32  5:27  SCV  
  32  5:28  Supply Depot  
  33  5:34  Reaper  
  34  5:39  SCV  
  28  5:59  Starport  
  28  6:06  Marine  
  29  6:24  Marine  
  30  6:33  SCV  
  30  6:37  SCV  
  32  6:42  Reaper  
  32  6:45  SCV  
  34  6:49  SCV  
  34  6:52  Starport Tech Lab, Refinery x2  
  35  6:57  SCV  
  36  7:01  SCV  
  37  7:09  SCV  
  37  7:10  Raven  
  37  7:14  Marauder, SCV  
  43  7:21  SCV  
  44  7:26  SCV  
  45  7:33  SCV  
  45  7:35  Reaper  
  47  7:38  SCV  
  48  7:46  SCV  
  48  7:50  SCV  
  50  7:53  Raven  
  50  7:58  SCV  
  53  8:02  SCV  
  54  8:07  Marine  
  54  8:10  SCV  
  56  8:14  SCV  
  56  8:19  Supply Depot  
  57  8:22  SCV  
  57  8:25  Marine  
  57  8:26  SCV  
  60  8:34  SCV  
  60  8:38  SCV  
  62  8:43  Marine  
  63  9:01  Marauder  
  65  9:22  Marine  
  66  9:58  Medivac, Marine  
  69  10:02  Supply Depot  
  69  10:05  Engineering Bay  
  69  10:17  Marauder  
  67  10:28  Medivac  
  69  10:31  Command Center  
  69  10:34  Terran Infantry Weapons Level 1  
  57  10:38  Marauder  
  59  10:58  Raven  
  59  10:59  Reaper  
  62  11:31  Marine  
  63  11:40  Raven  
  63  11:45  SCV  
  66  11:49  SCV, Reaper  
  68  12:09  Refinery  
  68  12:14  Refinery  
  68  12:22  Marauder  
  70  12:28  Terran Infantry Armor Level 1  
  70  12:43  Marauder  
  72  13:04  Marine  
  73  13:22  Marine  
  74  13:35  SCV  
  74  13:39  Marine  
  74  13:40  SCV  
  45  13:41  Raven  
  45  13:44  SCV  
  47  13:49  SCV  
  47  13:53  SCV  
  49  13:57  Marine  
  49  13:58  SCV  
  51  14:03  SCV  
  51  14:08  SCV  
  53  14:12  SCV  
  53  14:15  Marine  
  53  14:16  Armory  
  53  14:17  SCV  
  53  14:22  SCV  
  48  14:24  Raven  
  48  14:26  SCV  
  48  14:30  Refinery  
  48  14:31  SCV  
  45  14:34  Barracks Tech Lab  
  45  14:35  SCV  
  46  14:39  SCV  
  46  14:44  SCV  
  48  14:49  SCV  
  48  14:50  Supply Depot  
  49  14:53  Marauder, SCV  
  49  14:58  SCV  
  53  15:02  SCV  
  54  15:07  Raven, SCV  
  54  15:09  Terran Ship Weapons Level 1, Terran Infantry Weapons Level 2  
  54  15:12  SCV  
  54  15:14  Marine  
  58  15:17  SCV  
  60  15:21  SCV  
  60  15:26  SCV  
  60  15:30  SCV  
  60  15:31  Marine  
  62  15:36  Supply Depot  
  62  15:49  Marine  
  63  16:07  Marine  
  66  16:25  Marauder  
  66  16:37  Command Center  
  66  16:46  Marine  
  67  17:03  Terran Vehicle And Ship Armor Level 1  
  67  17:04  Marine  
  68  17:22  Marine  
  69  17:25  Terran Infantry Armor Level 2  
  69  17:28  Widow Mine  
  71  17:40  Marauder  
  71  17:43  Raven  
  58  17:45  Supply Depot  
  58  17:50  SCV  
  59  17:51  Refinery  
  59  17:53  Refinery  
  59  17:54  SCV  
  59  17:57  Factory Tech Lab  
  60  17:59  SCV  
  60  18:01  Marine  
  60  18:03  SCV  
  63  18:08  SCV  
  64  18:19  Marine  
  65  18:21  Widow Mine  
  65  18:25  Raven  
  69  18:37  Marauder  
  69  18:38  SCV  
  66  18:43  SCV  
  66  18:47  SCV  
  61  18:50  Hellion  
  61  18:52  SCV  
  62  18:56  SCV  
  62  18:58  Terran Vehicle Weapons Level 1, Marine  
  62  19:01  SCV  
  59  19:05  SCV  
  59  19:08  Medivac  
  59  19:10  SCV  
  59  19:11  Siege Tank  
  59  19:15  SCV  
  59  19:16  Marine  
  62  19:19  SCV  
  63  19:25  SCV  
  63  19:29  Refinery  
  63  19:30  SCV  
  63  19:34  Marine, SCV  
  58  19:38  Raven  
  58  19:39  SCV  
  54  19:46  Hellion  
  54  19:48  SCV  
  54  19:52  Marauder, SCV  
  56  19:56  Command Center, SCV  
  57  20:01  SCV  
  57  20:05  SCV  
  57  20:06  Command Center  
  61  20:07  Hellion  
  61  20:10  SCV  
  61  20:13  Command Center, Marine  
  63  20:14  SCV  
  63  20:19  Command Center, SCV  
  65  20:21  Raven  
  65  20:23  SCV  
  65  20:27  SCV  
  65  20:28  Command Center  
  69  20:31  Marauder  
  69  20:32  SCV  
  72  20:36  Command Center  
  72  20:37  SCV  
  72  20:41  SCV  
  74  20:45  SCV  
  74  20:46  Command Center  
  75  20:50  SCV  
  75  20:51  Command Center  
  75  20:52  Marine  
  75  20:55  Command Center, SCV  
  78  20:59  SCV  
  78  21:01  Command Center  
  78  21:04  Raven  
  79  21:07  Command Center  
  79  21:09  SCV  
  79  21:10  Marine  
  78  21:13  Command Center  
  75  21:21  Command Center, Siege Tank  
  75  21:25  Command Center  
  76  21:27  Supply Depot  
  76  21:28  Marine  
  77  21:33  Command Center  
  77  21:40  Command Center  
  77  21:46  Marine  
  77  21:47  Raven  
  66  21:52  Command Center  
  66  21:53  Hellion  
  60  22:02  Command Center  
  60  22:04  Marauder  
  58  22:13  Command Center  
  58  22:14  Siege Tank  
  61  22:18  Command Center  
  61  22:24  Command Center  
  61  22:25  Marine  
  61  22:29  Raven  
  61  22:30  Command Center  
  61  22:38  Command Center  
  61  22:43  Command Center, Marine  
  53  22:46  Siege Tank  
  53  22:47  Command Center  
  50  22:55  Command Center  
  50  23:00  Marine  
  50  23:01  Command Center  
  50  23:11  Command Center  
  44  23:20  Command Center, Factory Tech Lab  
  40  23:29  Command Center  
  39  23:41  Command Center  
  31  24:02  Command Center  
  14  24:08  Supply Depot  
Tags
 
Add a new tag
Caveats
  • Supply blocks, unpowered buildings, or Contaminate may cause inaccurate times.
  • Supply counts are checked every 10 seconds.